 Dungeon Crawl Stone Soup version 0.30-a0-165-g1891117ce2 (webtiles) character file.

Game seed: 11474156030741061908

45 qw the Chopper (level 3, -1/23 HPs)
             Began as a Gargoyle Fighter on Sept 28, 2022.
             Slain by a gnoll
             ... wielding a +0 spear
              (5 damage)
             ... on level 2 of the Dungeon.
             The game lasted 00:00:32 (900 turns).

qw the Chopper (Gargoyle Fighter)                    Turns: 900, Time: 00:00:32

Health: -1/23      AC: 11    Str: 21    XL:     3   Next: 64%
Magic:  3/3        EV:  9    Int:  8    God:
Gold:   53         SH:  4    Dex:  9    Spells: 2/2 levels left

rFire   . . .      SeeInvis .    Y - +0 war axe (freeze)
rCold   . . .      Faith    .    c - +0 buckler
rNeg    + . .      Spirit   .    b - +0 scale mail
rPois   inf        Reflect  .    (no helmet)
rElec   +          Harm     .    m - +0 cloak
rCorr   .          Rampage  .    (no gloves)
Will    .....                    (no boots)
Stlth   ..........               (no amulet)
HPRegen 0.07/turn                (no ring)
MPRegen 0.08/turn                (no ring)

@: no status effects
A: sickness immunity, AC +3, negative energy resistance 1, electricity
resistance, torment resistance 1, petrification resistance
a: no special abilities


You were on level 2 of the Dungeon.
You visited 1 branch of the dungeon, and saw 2 of its levels.

You collected 53 gold pieces.


Innate Abilities, Weirdness & Mutations

You are immune to sickness and miasma.
Your stone body is resilient. (AC +3)
You are immune to poison.
You resist negative energy. (rN+)
You are resistant to electric shocks. (rElec)
You are resistant to unholy torment.
You are immune to petrification.


   Skills:
 - Level 3.2 Fighting
 + Level 3.5 Axes
 - Level 3.2 Armour
 - Level 3.2 Shields


You had 2 spell levels left.
You didn't know any spells.
Your spell library was empty.

Inventory:

Hand Weapons
 h - a +0 flail
 Y - a +0 war axe of freezing (weapon)
Armour
 b - a +0 scale mail (worn)
 c - a +0 buckler (worn)
 m - a +0 cloak (worn)
Scrolls
 a - a scroll of identify
 e - a scroll of blinking {unknown}
 f - a scroll of butterflies {unknown}
Potions
 d - 2 potions of might
 i - a potion of lignification {unknown}
 j - a potion of haste {unknown}

Dungeon Overview and Level Annotations

Branches:
Dungeon (2/15)

Altars:


Message History

Assign waypoint to what number? (0-9, D - delete waypoint) Waypoint 1 assigned to D:2.
Enter note:
e - a scroll labelled YPNITZAPSA You see here 5 stones.
There is a stone staircase leading up here.
f - a scroll labelled BUMNYJAJO You feel your willpower return.
You are starting to lose your buoyancy.
You float gracefully downwards.
You now have 53 gold pieces (gained 6).
A gnoll comes into view. It is wielding a +0 spear.
Enter note:
Enter note: A gnoll comes into view. It is wielding a +0 whip.
Found 2 gold pieces.
The gnoll shouts!
You hear a shout!
A gnoll comes into view. It is wielding a +0 spear.
The gnoll shouts!
A hobgoblin comes into view.
The gnoll completely misses you.
You barely miss the gnoll.
An adder comes into view.
The adder hisses angrily.
You hit the gnoll but do no damage.
The gnoll hits you from afar with a +0 spear!
You hit the gnoll. You freeze the gnoll.
The gnoll is heavily wounded.
The gnoll hits you from afar with a +0 spear.
You slash the gnoll! You freeze the gnoll.
You kill the gnoll!
The gnoll closely misses you.
The gnoll hits you from afar with a +0 spear.
The gnoll closely misses you. You block the gnoll's attack.
The gnoll barely misses you. The gnoll hits you with a +0 spear.
You barely miss the gnoll. You barely miss the hobgoblin.
You hit the gnoll but do no damage. The gnoll barely misses you.
The hobgoblin hits you. The gnoll hits you with a +0 spear.
You die...

.... #...## .......#
#..... ......# #....#
.....# #....# #....#
#.$.S# #....# #..gg#
#....# #..g@# #....#
#$.).#######....##
#....#...........#
####.#.#########.####
#.#...............
#.#.#########.####
#.#.....# #.#
#.#.###.# #.# #.#...#
#.#


You could see 2 gnolls, an adder and a hobgoblin.

Vanquished Creatures
  2 gnolls
  A ball python (D:1)
  A giant cockroach (D:1)
  4 goblins (D:1)
  2 hobgoblins (D:1)
  3 jackals (D:1)
  4 bats (D:1)
  3 frilled lizards (D:1)
  3 kobolds (D:1)
  4 rats (D:1)
27 creatures vanquished.

Vanquished Creatures (others)
  2 plants (D:1)
2 creatures vanquished.

Grand Total: 29 creatures vanquished

Notes
Turn   | Place    | Note
-------+----------+-------------------------------------------
     0 | D:1      | qw the Gargoyle Fighter began the quest for the Orb.
     0 | D:1      | Reached XP level 1. HP: 14/14 MP: 1/1
     0 | D:1      | 0 ||| qw: Version: 0.2-a-12-gaebbb33
     0 | D:1      | 0 ||| qw: Game counter: 921
     0 | D:1      | 0 ||| qw: Always use a shield: true
     0 | D:1      | 0 ||| qw: God list: Okawaru
     0 | D:1      | 0 ||| qw: Allow faded altars: false
     0 | D:1      | 0 ||| qw: Do Orc after D:15 true
     0 | D:1      | 0 ||| qw: Do second Lair branch before Depths: true
     0 | D:1      | 0 ||| qw: Lair rune preference: random
     0 | D:1      | 0 ||| qw: Plans: Normal, Zot:1-4, God:TSO, Crypt, Tomb,
                  | Pan, Slime:5, Hells, Abyss, Orb
     0 | D:1      | 0 ||| PLANNING D:1-11
    20 | D:1      | 20 ||| Stepping ~*~*~tactically~*~*~ (stealth).
    28 | D:1      | 28 ||| Stepping ~*~*~tactically~*~*~ (stealth).
    29 | D:1      | 29 ||| Stepping ~*~*~tactically~*~*~ (stealth).
    43 | D:1      | 43 ||| Stepping ~*~*~tactically~*~*~ (stealth).
    44 | D:1      | 44 ||| Stepping ~*~*~tactically~*~*~ (stealth).
    56 | D:1      | 56 ||| Stepping ~*~*~tactically~*~*~ (stealth).
    57 | D:1      | 57 ||| Stepping ~*~*~tactically~*~*~ (stealth).
    66 | D:1      | 66 ||| Stepping ~*~*~tactically~*~*~ (stealth).
    68 | D:1      | 68 ||| Stepping ~*~*~tactically~*~*~ (stealth).
    69 | D:1      | 69 ||| Stepping ~*~*~tactically~*~*~ (stealth).
    87 | D:1      | 87 ||| Stepping ~*~*~tactically~*~*~ (stealth).
    88 | D:1      | 88 ||| Stepping ~*~*~tactically~*~*~ (stealth).
    91 | D:1      | 91 ||| Stepping ~*~*~tactically~*~*~ (stealth).
    92 | D:1      | 92 ||| Stepping ~*~*~tactically~*~*~ (stealth).
    93 | D:1      | 93 ||| Stepping ~*~*~tactically~*~*~ (stealth).
    98 | D:1      | Reached XP level 2. HP: 19/19 MP: 2/2
   320 | D:1      | Reached skill level 3 in Axes
   392 | D:1      | Reached XP level 3. HP: 23/23 MP: 3/3
   400 | D:1      | 400 ||| Stepping ~*~*~tactically~*~*~ (stealth).
   420 | D:1      | 420 ||| Stepping ~*~*~tactically~*~*~ (stealth).
   793 | D:1      | 793 ||| UPGRADING to +0 cloak.
   798 | D:1      | 798 ||| READING 2 scrolls labelled DOZISE VUUWA.
   799 | D:1      | 799 ||| READING 2 scrolls labelled LIGOGOLYKO.
   800 | D:1      | 800 ||| READING scroll labelled UNTEINWO PAE.
   801 | D:1      | 801 ||| READING scroll labelled AGIDAO VIUDGH.
   805 | D:1      | 805 ||| READING scroll labelled YDOGI XIPNE.
   806 | D:1      | 806 ||| DRINKING 3 glowing orange potions.
   807 | D:1      | 807 ||| DROPPING scroll of vulnerability.
   808 | D:1      | 808 ||| DROPPING 2 potions of flight.
   899 | D:2      | HP: 5/23 [gnoll/+0 spear (3)]
   900 | D:2      | Slain by a gnoll

Levels and vault maps discovered:
D:1:      saegor_arrival_simple_d, layout_basic, serial_bayou_pond_c,
          glass_columns_a
D:2:      layout_basic, hellmonk_ecumenical_altar_zigzags, uniq_terence,
          uniq_sigmund

Skill      XL: |  1  2 |
---------------+-------+-----
Axes           | 2 3 |  3.5
Fighting       | |  3.2
Armour         | |  3.2
Shields        | |  3.2

Action                   || total
-------------------------++-------
Melee: War axe           ||    98
  Use: Scroll            ||     5
       Potion            ||     1
Armor: Scale mail        ||    47
Dodge: Dodged            ||    46
Block: Buckler           ||    16

Table legend:
 A = Non-vault XP
 B = Vault XP
 C = Vault XP percentage of total XP
 D = Non-vault monster count
 E = Vault monster count
 F = Vault count percentage of total count
                 A         B        C        D         E       F
            +---------+---------+-------+---------+---------+-------
      Total |      65 |       0 |   0.0 |      27 |       0 |   0.0
            +---------+---------+-------+---------+---------+-------
        D:1 |      50 |       0 |   0.0 |      26 |       0 |   0.0
        D:2 |      15 |       0 |   0.0 |       1 |       0 |   0.0
            +---------+---------+-------+---------+---------+-------
